 Dungeon Crawl Stone Soup version 0.31.0-11-ge490571c62 (webtiles) character file.

Game seed: 18150352393328040552

37 ProzacElf the Ruffian (level 3, 0/25 HPs)
             Began as a Vampire Shapeshifter on Feb 4, 2024.
             Was a Follower of Okawaru.
             Killed from afar by Natasha (7 damage)
             ... with a magic dart
             ... on level 2 of the Dungeon.
             The game lasted 00:02:25 (882 turns).

ProzacElf the Ruffian (Vampire Shapeshifter)         Turns: 882, Time: 00:02:27

Health: 0/25       AC:  3    Str: 15    XL:     3   Next: 21%
Magic:  3/3        EV: 12    Int: 12    God:    Okawaru [*.....]
Gold:   38         SH:  0    Dex: 13    Spells: 2/2 levels left

rFire   . .          .
                       - Unarmed
rCold   . . .        (no shield)
rNeg    . . .        i - +0 leather armour
rPois   .            (helmet currently unavailable)
rElec   .            (cloak currently unavailable)
rCorr   .            (gloves currently unavailable)
SInv    +            n - melded +0 pair of boots
Will    .....        (no amulet)
Stlth   +            (no ring)
HPRegen 0.44/turn    (no ring)
MPRegen 0.08/turn

%: no passive effects
@: beast-form, healing quickly
A: beast (slay +2), alive, fangs 3, see invisible, vampiric 2
a: Exsanguinate, Begin Untransformation, Renounce Religion, Heroism


You were on level 2 of the Dungeon.
You worshipped Okawaru.
Okawaru was aware of your devotion.
You were a hulking beast.
You visited 1 branch of the dungeon, and saw 2 of its levels.

You collected 38 gold pieces.

Inventory:

Hand Weapons
 b - a +0 rapier
 r - a +0 dagger
Armour
 a - a +0 animal skin
 i - a +0 leather armour (worn)
 m - a +0 kite shield
 n - a +0 pair of boots (melded)
Talismans
 c - a beast talisman (active)
 d - a flux talisman
Scrolls
 e - a scroll of fear {unknown}
 f - 2 scrolls of identify {unknown}
 j - a scroll of fog {unknown}
 l - a scroll of brand weapon {unknown}
 o - a scroll of poison {unknown}
 p - a scroll of teleportation {unknown}
 q - a scroll of immolation {unknown}
Potions
 g - a potion of lignification
 h - a potion of ambrosia {unknown}
 k - a potion of brilliance {unknown}


   Skills:
 - Level 0.8 Fighting
 - Level 2.1 Dodging
 + Level 4.1 Unarmed Combat
 + Level 4.0 Shapeshifting


You had 2 spell levels left.
You didn't know any spells.
Your spell library contained the following spells:

 Spells                   Type           Power      Damage    Failure   Level
 Static Discharge         Conj/Air       0%         3-3/arc   52%         2
 Airstrike                Air            0%         2d(0-16)  99%         4
 Summon Lightning Spire   Summ/Air       Unusable   N/A       N/A         4

Dungeon Overview and Level Annotations

Branches:
Dungeon (2/15)

Altars:
Fedhas
Okawaru

Annotations:
D:2 Natasha


Innate Abilities, Weirdness & Mutations

You are a hulking beast.
Your limbs bulge with bestial killing power. (Slay +2)
Your natural rate of healing is accelerated.
You have razor-sharp teeth.
You have supernaturally acute eyesight. (SInv)
You are afflicted with vampirism and can become a bat while bloodless.


Message History

Ye hit tha endoplasm.
Tha endoplasm be almost dead.
Tha endoplasm freezes ye.
Ye be froz'n.
Ye take 4 damage, an' haf 16/25 hp.
Ye barely miss tha endoplasm.
Tha endoplasm be almost dead.
Tha endoplasm hits ye.
Ye take 1 damage, an' haf 15/25 hp.
Ye hit tha endoplasm.
Ye kill tha endoplasm!
Okawaru accepts yer kill.
Ye hit Natasha but do nay damage.
Natasha closely misses ye.
Ye hit Natasha.
Yer bite misses Natasha.
Natasha be moderately wounded.
Natasha claws ye!
Ye take 7 damage, an' haf 9/25 hp.
MASSIVE DAMAGE!!
Ye be too injured ta fight recklessly!
Ye be too injured ta fight recklessly!
Ye be too injured ta fight recklessly!
Ye hit Natasha.
Natasha be heavily wounded.
Natasha claws ye.
Ye take 1 damage, an' haf 8/25 hp.
Ye barely miss Natasha.
Natasha be heavily wounded.
Natasha barely misses ye.
Ye hit Natasha.
Natasha be severely wounded.
Natasha casts a spell.
Ye hit Natasha.
Natasha be almost dead.
Tha cerulean imp hits ye from afar wit' a +2 spear.
* * * LOW HITPOINT WARNIN'
* * * Natasha wildly gestures.
Ye feel troubled.
Natasha stares at ye an' mumbles some strange words.
Tha magic dart hits ye!
Ye die...
Natasha curls up an' begins ta purr.

#...## #.###
#.# #.# #.#
#.# #######
#.# .......
#.# .......
#h#
)......##h#
.....K..J5#
......S.5S5#
..<.J..###.#
.#...#. .#
...#.#. .#
.( # #. .# .
#. .#


You could see Natasha, 3 cerulean imps, an endoplasm and a ball python.

Vanquished Creatures
  2 ball pythons (D:1)
  5 endoplasms
  4 giant cockroaches
  8 goblins
  2 hobgoblins (D:1)
  A kobold (D:1)
  A quokka (D:2)
  4 bats (D:1)
  A frilled lizard (D:2)
  2 rats
30 creatures vanquished.

Notes
Turn   | Place    | Note
-------+----------+-------------------------------------------
     0 | D:1      | ProzacElf the Vampire Shapeshifter began the quest for the
                  | Orb.
     0 | D:1      | Reached XP level 1. HP: 14/14 MP: 1/1
   157 | D:1      | Reached XP level 2. HP: 20/20 MP: 2/2
   312 | D:1      | Found a faded altar of an unknown god.
   520 | D:1      | Gained mutation: You are afflicted with vampirism and can
                  | become a bat while bloodless. [Vampire growth]
   520 | D:1      | Reached XP level 3. HP: 25/25 MP: 3/3
   752 | D:1      | Prayed at the altar of an unknown god.
   752 | D:1      | Became a worshipper of Warmaster Okawaru
   752 | D:1      | Reached * piety under Okawaru
   830 | D:2      | Found a blossoming altar of Fedhas.
   858 | D:2      | Noticed Natasha
   882 | D:2      | Killed from afar by Natasha

Illustrated notes

Levels and vault maps discovered:
D:1:      zelgadis_glass_arrival_small, layout_basic,
          nicolae_ecumenical_lake_church
D:2:      layout_basic, basic_altar, uniq_natasha, uniq_sigmund

Skill      XL: |  1  2  3 |
---------------+----------+-----
Unarmed Combat | 4 |  4.1
Shapeshifting  | 4 |  4.0
Fighting       | |  0.8
Dodging        | |  2.1

Action                     || total
---------------------------++-------
  Melee: Unarmed           ||    77
         Bite              ||     4
 Armour: Leather armour    ||    35
         Animal skin       ||     1
  Dodge: Dodged            ||    58
   Form: Beast             ||     2
                           ||     1

Action                     || total
---------------------------++-------
  Melee: Unarmed           ||    77
         Bite              ||     4
 Armour: Leather armour    ||    35
         Animal skin       ||     1
  Dodge: Dodged            ||    58
   Form: Beast             ||     2
                           ||     1

Levels and vault maps discovered:
D:1:      zelgadis_glass_arrival_small, layout_basic,
          nicolae_ecumenical_lake_church
D:2:      layout_basic, basic_altar, uniq_natasha, uniq_sigmund
